 Dungeon Crawl Stone Soup version 0.19.3-4-gbf9329e (webtiles) character file.

140 dngmouse the Vexing (level 5, -1/35 HPs)
             Began as a Formicid Enchanter on Jan 27, 2017.
             Killed from afar by an orc wizard (14 damage)
             ... with a puff of frost
             ... on level 4 of the Dungeon.
             The game lasted 00:09:54 (3094 turns).

dngmouse the Vexing (Formicid Enchanter)            Turns: 3094, Time: 00:09:55

Health: -1/35      AC:  3    Str: 13    XL:     5   Next: 47%
Magic:  1/8        EV: 17    Int: 14    God:
Gold:   149        SH:  0    Dex: 17    Spells: 3 memorised, 2 levels left

rFire  . . .     SeeInvis +     a - +1 dagger
rCold  . . .     Gourm    .     b - +1 robe
rNeg   . . .     Faith    .     (no shield)
rPois  .         Spirit   .     (helmet unavailable)
rElec  .         Reflect  .     (no cloak)
rCorr  .         Harm     .     (no gloves)
MR     .....                    (no boots)
Stlth  ++++......               (no amulet)
                                (no ring)
                                (no ring)

@: agile
A: permanent stasis, dig shafts and tunnels, four strong arms, antennae 3
a: Dig, Shaft Self


You were on level 4 of the Dungeon.
You were not hungry.

You visited 1 branch of the dungeon, and saw 4 of its levels.

You collected 149 gold pieces.

Inventory:

Hand Weapons
 a - a +1 dagger (weapon)
Armour
 b - a +1 robe (worn)
 i - a +0 scale mail
Jewellery
 s - a +2 ring of intelligence {unknown}
Scrolls
 e - 4 scrolls of identify {unknown}
 f - 2 scrolls of blinking {unknown}
 g - 4 scrolls of remove curse {unknown}
 h - a scroll of amnesia {unknown}
 k - a scroll of noise {unknown}
 m - a scroll of fog {unknown}
 o - 3 scrolls of recharging {unknown}
 x - a scroll of enchant weapon {unknown}
Potions
 n - 2 potions of curing {unknown}
 p - a potion of flight {unknown}
 q - 2 potions of haste {unknown}
 r - 3 potions of lignification {unknown}
 t - a potion of heal wounds {unknown}
 u - a potion of degeneration {unknown}
 v - a potion of brilliance {unknown}
 w - a potion of magic {unknown}
 A - a potion of mutation {unknown}
Books
 c - a book of Maledictions

   Spells                             Type                      Level
   a - Corona                         Hexes                        1
   b - Ensorcelled Hibernation        Hexes/Ice                    2
   c - Confuse                        Hexes                        3
   d - Tukima's Dance                 Hexes                        3
   e - Dazzling Spray                 Conjuration/Hexes            3
Comestibles
 d - 2 bread rations
 l - 4 fruits


   Skills:
 - Level 3.0 Short Blades
 - Level 1.7 Dodging
 - Level 3.6 Stealth
 - Level 2.1 Spellcasting
 + Level 5.9 Hexes


You had 2 spell levels left.
You knew the following spells:

 Your Spells              Type           Power        Failure   Level  Hunger
a - Corona                Hex            ###....      2%          1    #......
b - Ensorcelled Hibernat  Hex/Ice        #.....       12%         2    ###....
c - Confuse               Hex            ###.....     10%         3    ###....


Dungeon Overview and Level Annotations

Branches:
Dungeon (4/15)             Temple (0/1) D:4

Altars:
Qazlal

Annotations:
D:4 exclusion: oklob sapling


Innate Abilities, Weirdness & Mutations

You are under a permanent stasis effect.
You can dig through walls and to a lower floor.
Your four strong arms can wield two-handed weapons with a shield.
You have a pair of large antennae on your head. (SInv)


Message History

The magic dart hits you! The orc wizard misses you.
The orc wizard is no longer moving quickly.
The orc wizard points at you and mumbles some strange words.
The puff of frost hits you!
It was a potion of agility.
You feel agile all of a sudden.
The orc wizard casts a spell.
The orc wizard seems to speed up.
You hit the orc wizard.
The orc wizard is moderately wounded.
The orc wizard points at you and mumbles some strange words.
The magic dart hits you!
You hit the orc wizard.
The orc wizard is moderately wounded.
The orc wizard hits you but does no damage.
The orc wizard begins to cast a cantrip, but forgets the words!
The orc wizard gestures at you while chanting.
The puff of frost hits you!
You die...

.. #.....+...........#....
#.....#...........####.
#.....#................
###..#####.....##'##..##........
........#.........#..##.......[
.......#.........#..#######...
#......#.........#..##...#####
#......'.........+.......#
+......#.....@...#.......#
#..!.{.#.....o...#.......#
######)####......o..#..###..#
............####....#..###..##
............#..#....#........#
............#{.#....+........#
............#..#....#.......##
............'..#....#.......#
............#oo'....#.......+


You could see 2 orc wizards.

Vanquished Creatures
  A howler monkey (D:4)
  A worker ant (D:4)
  2 adders
  2 worms
  2 dart slugs
  2 leopard geckos
  2 orcs
  4 bats
  2 giant cockroaches
  6 goblins
  3 hobgoblins
  4 jackals (D:4)
  6 kobolds
  A quokka (D:3)
  2 ball pythons
  4 frilled lizards
  3 rats
47 creatures vanquished.

Notes
Turn   | Place    | Note
-------+----------+-------------------------------------------
     0 | D:1      | dngmouse the Formicid Enchanter began the quest for the Orb.
     0 | D:1      | Reached XP level 1. HP: 13/13 MP: 3/3
   311 | D:1      | Reached XP level 2. HP: 19/19 MP: 5/5
   559 | D:1      | Learned a level 2 spell: Ensorcelled Hibernation
   641 | D:2      | Reached XP level 3. HP: 24/24 MP: 6/6
  1218 | D:2      | Learned a level 3 spell: Confuse
  1271 | D:2      | Reached skill level 4 in Hexes
  1700 | D:3      | Found a stormy altar of Qazlal.
  1842 | D:3      | Reached XP level 4. HP: 30/30 MP: 7/7
  2638 | D:4      | Reached skill level 5 in Hexes
  2650 | D:4      | Reached XP level 5. HP: 13/35 MP: 2/8
  2843 | D:4      | Found a staircase to the Ecumenical Temple.
  3094 | D:4      | Killed from afar by an orc wizard

Skill      XL: |  1  2  3  4 |
---------------+-------------+-----
Short Blades   | 2 3 |  3.0
Hexes          | 4 5 |  5.9
Dodging        | |  1.7
Stealth        | |  3.6
Spellcasting   | |  2.1

Action                   |  1- 3 |  4- 6 || total
-------------------------+-------+-------++-------
Melee: Dagger            |    91 |    79 ||   170
 Cast: Confuse           |     1 |     1 ||     2
       Ensorcelled Hiber |       |    14 ||    14
       Corona            |       |     1 ||     1
  Use: Potion            |       |     1 ||     1
 Stab: Sleeping          |    10 |     7 ||    17
  Eat: Chunk             |     2 |     6 ||     8
Armor: Robe              |    13 |    24 ||    37
Dodge: Dodged            |    51 |    57 ||   108
